 Dungeon Crawl Stone Soup version 0.17.1-1-g73c8601 (webtiles) character file.

2367 crazyredmonkey the Destroyer (level 9, -2/51 HPs)
             Began as a High Elf Fire Elementalist on Dec 28, 2016.
             Was a Priest of Vehumet.
             Slain by a five-headed hydra (6 damage)
             ... on level 7 of the Dungeon.
             The game lasted 00:39:26 (10065 turns).

crazyredmonkey the Destroyer (HEFE)                Turns: 10065, Time: 00:39:26

Health: -2/51      AC:  6    Str:  9    XL:     9   Next: 21%
Magic:  13/20      EV: 12    Int: 23    God:    Vehumet [***...]
Gold:   516        SH:  0    Dex: 11    Spells: 4 memorised, 12 levels left

rFire  + . .     SeeInvis .     s - staff of earth
rCold  x . .     Clarity  +     a - +0 robe
rNeg   + + +     SustAt   .     (no shield)
rPois  +         Gourm    .     f - +2 helmet
rElec  .         Spirit   .     r - +0 cloak {MR+}
rCorr  .         Warding  .     (no gloves)
rMut   .         Stasis   .     (no boots)
MR     +....                    D - amulet of clarity
Stlth  ++........               y - ring of Divine Intervention {Fire rPois rN+++ Str+2 Dex-5}
                                t - ring of wizardry

@: somewhat resistant to hostile enchantments, unstealthy
A: no striking features
a: Renounce Religion


You were on level 7 of the Dungeon.
You worshipped Vehumet.
Vehumet was most pleased with you.
You were very hungry.

You visited 2 branches of the dungeon, and saw 8 of its levels.

You collected 516 gold pieces.

Inventory:

Hand Weapons
 m - a +0 dagger
Armour
 a - a +0 robe (worn)
 f - a +2 helmet (worn)
 r - a +0 cloak of magic resistance (worn)
Magical Staves
 s - an uncursed staff of earth (weapon)
Jewellery
 t - a ring of wizardry (left hand)
 y - the ring of Divine Intervention (right hand) {Fire rPois rN+++ Str+2 Dex-5}
   (You found it on level 4 of the Dungeon)

   [ring of fire]

   It enhances your fire magic, and weakens your ice magic.
   It affects your strength (+2).
   It affects your dexterity (-5).
   It protects you from fire.
   It makes you vulnerable to cold.
   It protects you from poison.
   It renders you almost immune to negative energy.
 C - an uncursed ring of flight {unknown}
 D - an amulet of clarity (around neck)
Scrolls
 c - 3 scrolls of teleportation {unknown}
 e - 2 scrolls of enchant armour {unknown}
 g - a scroll of recharging {unknown}
 h - 9 scrolls of identify {unknown}
 k - a scroll of remove curse {unknown}
 x - a scroll of blinking {unknown}
 A - a scroll of immolation {unknown}
 B - 2 scrolls of magic mapping {unknown}
Potions
 i - 2 potions of resistance {unknown}
 j - 2 potions of brilliance {unknown}
 l - a potion of lignification {unknown}
 n - 2 potions of mutation {unknown}
 o - a potion of cancellation {unknown}
 p - 3 potions of might {unknown}
 u - 2 potions of cure mutation {unknown}
 v - 3 potions of curing
 z - a potion of haste {unknown}
Books
 b - a book of Flames

   Spells                             Type                      Level
   a - Flame Tongue                   Conjuration/Fire             1
   b - Throw Flame                    Conjuration/Fire             2
   c - Conjure Flame                  Conjuration/Fire             3
   d - Inner Flame                    Hexes/Fire                   3
   e - Sticky Flame                   Conjuration/Fire             4
   f - Fireball                       Conjuration/Fire             5
Comestibles
 d - 6 meat rations
 q - 2 bread rations
 w - 5 fruits
 E - a beef jerky
 F - 3 chunks of flesh


   Skills:
 - Level 2.5 Dodging
 - Level 2.3 Stealth
 + Level 7.2 Spellcasting
 * Level 9.5 Conjurations
 + Level 6.7 Fire Magic


You had 12 spell levels left.
You knew the following spells:

 Your Spells              Type           Power        Failure   Level  Hunger
a - Flame Tongue          Conj/Fire      #####        1%          1    None
b - Conjure Flame         Conj/Fire      ######..     1%          3    None
c - Fireball              Conj/Fire      ######....   1%          5    #####..
d - Sandblast             Erth           ##....       1%          1    None


Dungeon Overview and Level Annotations

Branches:
Dungeon (7/15)             Temple (1/1) D:4

Altars:
Ashenzari
Dithmenos
Elyvilon
Fedhas
Gozag
Kikubaaqudgha
Nemelex Xobeh
Qazlal
Vehumet
Xom
Yredelemnul
Zin
The Shining One


Message History

The five-headed hydra is engulfed in roaring flames.
The five-headed hydra bites you. The five-headed hydra bites you!
The five-headed hydra bites you. x2
The five-headed hydra bites you!!
* * * LOW HITPOINT WARNING * * *
Casting: Conjure Flame
Confirm with . or Enter, or press ? or * to list all spells.
Okay, then.
Eat one of 3 chunks of flesh? (ye/n/q/i?)
Okay, then.
Drink which item? (? for menu, Esc to quit)
You feel better.
The five-headed hydra is engulfed in roaring flames.
The five-headed hydra bites you.
* * * LOW HITPOINT WARNING * * *
The five-headed hydra barely misses you.
The five-headed hydra bites you.
* * * LOW HITPOINT WARNING * * *
The five-headed hydra bites you.
You die...

####...###
####...##.
#......#
#8...⌠#.
###......###
##D..##.
#..........#
#...##.
#..>.......#
##...##.
#..........#
#8...8#.
#.......^..#
##...##.
#....PDPPP.#
#......
#....P@..P.#
#......
###..P...P.#
####...
#..P...P.#
##..
###PPPPP.#
### ########


You could see a five-headed hydra.

Vanquished Creatures
  The ghost of mdk the Skirmisher, a novice OgHu (D:4)
  A hungry ghost (D:7)
  A water moccasin (D:4)
  An ogre (D:3)
  An orc warrior (D:7)
  A centaur (D:6)
  4 big kobolds (D:6)
  3 giant frogs
  A scorpion (D:4)
  3 electric eels (D:6)
  A giant frog skeleton (D:5)
  A centaur skeleton (D:4)
  2 hounds (D:5)
  3 orc priests
  7 orc wizards
  An iguana (D:6)
  A worker ant (D:3)
  A killer bee zombie (D:5)
  A hound zombie (D:6)
  10 gnolls
  8 adders
  3 shadow imps
  2 oozes
  6 giant geckos
  22 orcs
  9 bats
  5 giant cockroaches
  10 goblins
  10 hobgoblins
  58 kobolds
  5 quokkas
  5 giant newts
  6 jackals (D:1)
  2 quokka skeletons
  A quokka zombie (D:6)
  9 rats
  A fungus (D:7)
207 creatures vanquished.

Vanquished Creatures (others)
  A plant (D:2)
1 creature vanquished.

Grand Total: 208 creatures vanquished

Notes
Turn   | Place    | Note
--------------------------------------------------------------
     0 | D:1      | crazyredmonkey the High Elf Fire Elementalist began the quest for the Orb.
     0 | D:1      | Reached XP level 1. HP: 11/11 MP: 4/4
   371 | D:1      | Reached XP level 2. HP: 17/17 MP: 3/6
  1124 | D:2      | Reached XP level 3. HP: 12/21 MP: 1/8
  1967 | D:2      | Reached XP level 4. HP: 27/27 MP: 9/9
  1976 | D:2      | Found a stormy altar of Qazlal.
  2547 | D:2      | Learned a level 3 spell: Conjure Flame
  2989 | D:3      | Reached XP level 5. HP: 31/31 MP: 8/11
  3164 | D:3      | Found a blossoming altar of Fedhas.
  3643 | D:3      | Reached skill level 4 in Fire Magic
  4401 | D:4      | Found a white marble altar of Elyvilon.
  4405 | D:4      | Noticed an ogre
  4524 | D:3      | Killed an ogre
  4524 | D:3      | Reached XP level 6. HP: 27/36 MP: 3/13
  4937 | D:4      | Reached skill level 5 in Conjurations
  5048 | D:4      | Got a warped brass ring
  5071 | D:4      | Found a staircase to the Ecumenical Temple.
  5076 | Temple   | Entered the Ecumenical Temple
  5118 | Temple   | Became a worshipper of Vehumet
  5282 | D:4      | Noticed mdk's ghost (novice OgHu)
  5305 | D:4      | Killed mdk's ghost
  5305 | D:4      | Reached skill level 5 in Spellcasting
  5305 | D:4      | Reached skill level 6 in Conjurations
  5305 | D:4      | Reached skill level 5 in Fire Magic
  5305 | D:4      | Reached XP level 7. HP: 41/41 MP: 0/16
  5673 | D:4      | Identified the ring of Divine Intervention {Fire rPois rN+++ Str+2 Dex-5} (You found it on level 4 of the Dungeon)
  5764 | D:5      | Entered Level 5 of the Dungeon
  6223 | D:4      | Reached skill level 7 in Conjurations
  6223 | D:4      | Reached XP level 8. HP: 35/46 MP: 9/17
  6675 | D:5      | Found an opulent altar of Gozag.
  6675 | D:5      | Found an ancient bone altar of Kikubaaqudgha.
  6970 | D:5      | Found a glowing golden altar of the Shining One.
  7418 | D:5      | Found a glowing golden altar of the Shining One.
  7688 | D:6      | Reached * piety under Vehumet
  7688 | D:6      | Offered knowledge of Sandblast by Vehumet.
  7714 | D:6      | Learned a level 5 spell: Fireball
  7716 | D:6      | Learned a level 1 spell: Sandblast
  7733 | D:6      | Reached skill level 8 in Conjurations
  8296 | D:6      | Reached ** piety under Vehumet
  8296 | D:6      | Offered knowledge of Throw Frost by Vehumet.
  8806 | D:6      | Reached skill level 9 in Conjurations
  9390 | D:6      | Offered knowledge of Ignite Poison by Vehumet.
  9390 | D:6      | Reached XP level 9. HP: 51/51 MP: 12/20
  9631 | D:6      | Reached *** piety under Vehumet
 10029 | D:7      | Noticed a five-headed hydra
 10064 | D:7      | HP: 1/51 [five-headed hydra (18)]
 10065 | D:7      | Slain by a five-headed hydra

Action                   |  1- 3 |  4- 6 |  7- 9 || total
-------------------------+-------+-------+-------++-------
Melee: Dagger            |    42 |    42 |   145 ||   229
       Unarmed           |     4 |       |       ||     4
       Staff             |       |       |    99 ||    99
 Cast: Flame Tongue      |    51 |   123 |   205 ||   379
       Conjure Flame     |       |    11 |     6 ||    17
       Fireball          |       |       |    13 ||    13
  Use: Potion            |       |       |     3 ||     3
 Stab: Distracted        |     1 |       |       ||     1
  Eat: Bread ration      |     1 |       |     2 ||     3
       Chunk             |       |     9 |     9 ||    18
       Fruit             |       |       |     2 ||     2
